| TOP OF THE 1ST |
|
Cincinnati (NYP) Reds batting - Pitching for Salem-Keizer Volcanoes : RHP John Bittinger
|
|
Pitching: RHP John Bittinger
|
|
|
Batting: RHB Kagetoki Kawai
|
0-0: Ball 1-0: Ball 2-0: Swinging Strike 2-1: Fly out, F9 (Flyball, 9S, EV 88.8 MPH)
|
|
Batting: RHB Tim Walter
|
0-0: Ball 1-0: Fly out, F3 (Popup, 23F, EV 87.5 MPH)
|
|
Batting: RHB Pat McCoy
|
0-0: Ball 1-0: SOLO HOME RUN (Flyball, 78XD, EV 112.5 MPH), Distance : 447 ft
|
|
Batting: LHB Steven Wamble
|
0-0: Ball 1-0: Ball 2-0: Ground out 4-3 (Groundball, 4S, EV 85.0 MPH)
|
| Top of the 1st over - 1 run, 1 hit, 0 errors, 0 left on base; Cincinnati (NYP) 1 - Salem-Keizer 0 |
| BOTTOM OF THE 1ST |
|
Salem-Keizer Volcanoes batting - Pitching for Cincinnati (NYP) Reds : RHP Jalen Patterson
|
|
Pitching: RHP Jalen Patterson
|
|
|
Batting: RHB Nick Wicker
|
0-0: Foul Ball, location: 2F 0-1: Ball 1-1: Ground out U3 (Groundball, 3, EV 86.9 MPH)
|
|
Batting: RHB Ian Richardson
|
0-0: Called Strike 0-1: Ball 1-1: Ball 2-1: Foul Ball, location: 2F 2-2: Foul Ball, location: 2F 2-2: Strikes out swinging
|
|
Batting: LHB Gil Caraveo
|
0-0: Ball 1-0: Ball 2-0: Ball 3-0: Base on Balls
|
|
Batting: RHB Justin Baldwin
|
0-0: Ball 1-0: Ball 2-0: Called Strike 2-1: Foul Ball, location: 2F 2-2: Foul Ball, location: 2F 2-2: Ball 3-2: Strikes out looking
|
| Bottom of the 1st over - 0 runs, 0 hits, 0 errors, 1 left on base; Cincinnati (NYP) 1 - Salem-Keizer 0 |
| TOP OF THE 2ND |
|
Cincinnati (NYP) Reds batting - Pitching for Salem-Keizer Volcanoes : RHP John Bittinger
|
|
Batting: RHB Jonathan Robies
|
0-0: Called Strike 0-1: Ball 1-1: SOLO HOME RUN (Flyball, 9LD, EV 95.6 MPH), Distance : 352 ft
|
|
Batting: RHB Matt Silva
|
0-0: Called Strike 0-1: Ground out 4-3 (Groundball, 4, EV 108.1 MPH)
|
|
Batting: SHB Jaivata Mohanty
|
0-0: Ground out 5-3 (Groundball, 5, EV 98.1 MPH)
|
|
Batting: RHB Joe Kooyers
|
0-0: Ball 1-0: Foul Ball, location: 2F 1-1: Foul Ball, location: 2F 1-2: Ground out 6-3 (Groundball, 6, EV 90.0 MPH)
|
| Top of the 2nd over - 1 run, 1 hit, 0 errors, 0 left on base; Cincinnati (NYP) 2 - Salem-Keizer 0 |
| BOTTOM OF THE 2ND |
|
Salem-Keizer Volcanoes batting - Pitching for Cincinnati (NYP) Reds : RHP Jalen Patterson
|
|
Batting: RHB Jason Gregor
|
0-0: Called Strike 0-1: Called Strike 0-2: Strikes out swinging
|
|
Batting: RHB Matt Shepard
|
0-0: Ball 1-0: Ball 2-0: Ground out U3 (Groundball, 3S, EV 66.2 MPH)
|
|
Batting: RHB Teruhide Horiuchi
|
0-0: Called Strike 0-1: Ball 1-1: Ball 2-1: Ball 3-1: Foul Ball, location: 2F 3-2: Strikes out swinging
|
| Bottom of the 2nd over - 0 runs, 0 hits, 0 errors, 0 left on base; Cincinnati (NYP) 2 - Salem-Keizer 0 |
| TOP OF THE 3RD |
|
Cincinnati (NYP) Reds batting - Pitching for Salem-Keizer Volcanoes : RHP John Bittinger
|
|
Batting: LHB Akira Yamano
|
0-0: Ball 1-0: SINGLE (Line Drive, 5D, EV 98.1 MPH)
|
|
Batting: RHB Kagetoki Kawai
|
0-0: 2-RUN HOME RUN (Flyball, 7LD, EV 100.6 MPH), Distance : 370 ft
|
|
Batting: RHB Tim Walter
|
0-0: Ground out 5-3 (Groundball, 5, EV 106.9 MPH)
|
|
Batting: RHB Pat McCoy
|
0-0: Fly out, F8 (Flyball, 8RXD, EV 86.9 MPH)
|
|
Batting: LHB Steven Wamble
|
0-0: Called Strike 0-1: Called Strike 0-2: Ball 1-2: Ball 2-2: Strikes out swinging
|
| Top of the 3rd over - 2 runs, 2 hits, 0 errors, 0 left on base; Cincinnati (NYP) 4 - Salem-Keizer 0 |
| BOTTOM OF THE 3RD |
|
Salem-Keizer Volcanoes batting - Pitching for Cincinnati (NYP) Reds : RHP Jalen Patterson
|
|
Batting: RHB Sam Smith
|
0-0: Fly out, F9 (Line Drive, 9D, EV 98.1 MPH)
|
|
Batting: RHB Alexis Andrade
|
0-0: Hit by Pitch
|
|
Batting: RHB Nick Wicker
|
0-0: Ball Pickoff Throw to First - Out! 1-3 1-0: Ball 2-0: Ball 3-0: Called Strike 3-1: Fly out, F7 (Flyball, 7, EV 89.4 MPH)
|
| Bottom of the 3rd over - 0 runs, 0 hits, 0 errors, 0 left on base; Cincinnati (NYP) 4 - Salem-Keizer 0 |
| TOP OF THE 4TH |
|
Cincinnati (NYP) Reds batting - Pitching for Salem-Keizer Volcanoes : RHP John Bittinger
|
|
Batting: RHB Jonathan Robies
|
0-0: Swinging Strike 0-1: Foul Ball, location: 2F 0-2: Foul Ball, location: 2F 0-2: Foul Ball, location: 2F 0-2: Ball 1-2: Fly out, F9 (Flyball, 9, EV 90.6 MPH)
|
|
Batting: RHB Matt Silva
|
0-0: Called Strike 0-1: Ball 1-1: Foul Ball, location: 2F 1-2: Foul Ball, location: 2F 1-2: Hit by Pitch
|
|
Batting: SHB Jaivata Mohanty
|
0-0: Called Strike 0-1: Called Strike 0-2: Foul Ball, location: 2F 0-2: Ball 1-2: Ball Wild Pitch! Matt Silva to second 2-2: Fly out, F8 (Flyball, 78D, EV 110.0 MPH)
|
|
Batting: RHB Joe Kooyers
|
0-0: Swinging Strike Passed Ball! Matt Silva to third 0-1: Ball 1-1: Foul Ball, location: 2F 1-2: Ground out 6-3 (Groundball, 6, EV 81.9 MPH)
|
| Top of the 4th over - 0 runs, 0 hits, 0 errors, 1 left on base; Cincinnati (NYP) 4 - Salem-Keizer 0 |
| BOTTOM OF THE 4TH |
|
Salem-Keizer Volcanoes batting - Pitching for Cincinnati (NYP) Reds : RHP Jalen Patterson
|
|
Batting: RHB Ian Richardson
|
0-0: Ball 1-0: Ball 2-0: Foul Ball, location: 2F 2-1: Swinging Strike 2-2: Strikes out swinging
|
|
Batting: LHB Gil Caraveo
|
0-0: SINGLE (Line Drive, 89S, EV 91.9 MPH)
|
|
Batting: RHB Justin Baldwin
|
0-0: Called Strike 0-1: Ball 1-1: Called Strike 1-2: Reached on error, E5 (Groundball, 56S, EV 86.2 MPH) Gil Caraveo to third
|
|
Batting: RHB Jason Gregor
|
0-0: Called Strike 0-1: Ball 1-1: Ball 2-1: Foul Ball, location: 2F 2-2: Foul Ball, location: 2F 2-2: Ball 3-2: Base on Balls
|
|
Batting: RHB Matt Shepard
|
0-0: Called Strike 0-1: SINGLE (Line Drive, 34D, EV 97.5 MPH) Gil Caraveo scores Justin Baldwin to third Jason Gregor to second
|
|
Batting: RHB Teruhide Horiuchi
|
0-0: Hit by Pitch Justin Baldwin scores Jason Gregor to third Matt Shepard to second
|
|
Pinch Runner at 1st John Whitman:
|
|
|
Batting: RHB Sam Smith
|
0-0: SINGLE (Line Drive, 56D, EV 96.9 MPH) Jason Gregor scores Matt Shepard to third John Whitman to second
|
|
Batting: RHB Alexis Andrade
|
0-0: Ball 1-0: Ball 2-0: Ball 3-0: Called Strike 3-1: Grounds into double play, 5-4-3 (Groundball, 56, EV 76.9 MPH)
|
| Bottom of the 4th over - 3 runs, 3 hits, 1 error, 2 left on base; Cincinnati (NYP) 4 - Salem-Keizer 3 |
| TOP OF THE 5TH |
|
Cincinnati (NYP) Reds batting - Pitching for Salem-Keizer Volcanoes : RHP John Bittinger
|
|
Now in RF: John Whitman
|
|
|
Batting: LHB Akira Yamano
|
0-0: Ball 1-0: Called Strike 1-1: Ground out 6-3 (Groundball, 6, EV 97.5 MPH)
|
|
Batting: RHB Kagetoki Kawai
|
0-0: Swinging Strike 0-1: Fly out, F8 (Flyball, 8LM, EV 85.0 MPH)
|
|
Batting: RHB Tim Walter
|
0-0: Ball 1-0: Swinging Strike 1-1: Fly out, F8 (Line Drive, 8LM, EV 98.1 MPH)
|
| Top of the 5th over - 0 runs, 0 hits, 0 errors, 0 left on base; Cincinnati (NYP) 4 - Salem-Keizer 3 |
| BOTTOM OF THE 5TH |
|
Salem-Keizer Volcanoes batting - Pitching for Cincinnati (NYP) Reds : RHP Jalen Patterson
|
|
Batting: RHB Nick Wicker
|
0-0: Fly out, F8 (Line Drive, 8LM, EV 100.0 MPH)
|
|
Batting: RHB Ian Richardson
|
0-0: Ball 1-0: Fly out, F9 (Flyball, 9D, EV 100.0 MPH)
|
|
Batting: LHB Gil Caraveo
|
0-0: Ground out 4-3 (Groundball, 34, EV 101.9 MPH)
|
| Bottom of the 5th over - 0 runs, 0 hits, 0 errors, 0 left on base; Cincinnati (NYP) 4 - Salem-Keizer 3 |
| TOP OF THE 6TH |
|
Cincinnati (NYP) Reds batting - Pitching for Salem-Keizer Volcanoes : RHP John Bittinger
|
|
Batting: RHB Pat McCoy
|
0-0: Ball 1-0: SINGLE (Groundball, 56D, EV 96.9 MPH)
|
|
Batting: LHB Steven Wamble
|
0-0: Ball 1-0: Ball 2-0: Grounds out, U3 (Groundball, 3L, EV 83.1 MPH)
|
|
Batting: RHB Jonathan Robies
|
0-0: Called Strike 0-1: Ball 1-1: Hit by Pitch
|
|
Batting: RHB Matt Silva
|
0-0: Ball 1-0: Called Strike 1-1: Ball 2-1: Swinging Strike 2-2: Strikes out looking
|
|
Batting: SHB Jaivata Mohanty
|
0-0: Ball 1-0: Called Strike 1-1: Swinging Strike 1-2: Foul Ball, location: 2F 1-2: Fly out, F8 (Flyball, 78M, EV 74.4 MPH)
|
| Top of the 6th over - 0 runs, 1 hit, 0 errors, 2 left on base; Cincinnati (NYP) 4 - Salem-Keizer 3 |
| BOTTOM OF THE 6TH |
|
Salem-Keizer Volcanoes batting - Pitching for Cincinnati (NYP) Reds : RHP Jalen Patterson
|
|
Batting: RHB Justin Baldwin
|
0-0: Ball 1-0: SINGLE (Line Drive, 78S, EV 97.5 MPH)
|
|
Batting: RHB Jason Gregor
|
0-0: Ball 1-0: SINGLE (Groundball, 6D, EV 106.9 MPH) Justin Baldwin to second
|
|
Batting: RHB Matt Shepard
|
0-0: Ball 1-0: Ball 2-0: Ball 3-0: Called Strike 3-1: Ground out 5-3 (Groundball, 56, EV 85.6 MPH) Justin Baldwin to third Jason Gregor to second
|
|
Batting: LHB John Whitman
|
0-0: Ball 1-0: Ball 2-0: Fly out, F7 (Line Drive, 78S, EV 85.0 MPH)
|
|
Pitching: RHP Dave Baber
|
|
|
Batting: RHB Sam Smith
|
0-0: Reached on error, E6 (Groundball, 6, EV 80.6 MPH) Justin Baldwin scores Jason Gregor to third
|
|
Batting: RHB Alexis Andrade
|
0-0: Foul Ball, location: 2F 0-1: Ball 1-1: Ball 2-1: Swinging Strike 2-2: Foul Ball, location: 2F 2-2: Strikes out swinging
|
| Bottom of the 6th over - 1 run, 2 hits, 1 error, 2 left on base; Cincinnati (NYP) 4 - Salem-Keizer 4 |
| TOP OF THE 7TH |
|
Cincinnati (NYP) Reds batting - Pitching for Salem-Keizer Volcanoes : RHP John Bittinger
|
|
Batting: RHB Joe Kooyers
|
0-0: Ball 1-0: Ground out 5-3 (Groundball, 56S, EV 80.0 MPH)
|
|
Batting: LHB Akira Yamano
|
0-0: Ball 1-0: Ball 2-0: Called Strike 2-1: Called Strike 2-2: Ball 3-2: Foul Ball, location: 2F 3-2: SINGLE (Groundball, 4D, EV 99.4 MPH)
|
|
Batting: RHB Kagetoki Kawai
|
0-0: Foul Ball, location: 2F 0-1: Called Strike Akira Yamano is caught stealing 2nd base 2-4 0-2: Fly out, F9 (Line Drive, 9, EV 97.5 MPH)
|
| Top of the 7th over - 0 runs, 1 hit, 0 errors, 0 left on base; Cincinnati (NYP) 4 - Salem-Keizer 4 |
| BOTTOM OF THE 7TH |
|
Salem-Keizer Volcanoes batting - Pitching for Cincinnati (NYP) Reds : RHP Dave Baber
|
|
Batting: RHB Nick Wicker
|
0-0: SINGLE (Groundball, 56D, EV 101.9 MPH)
|
|
Batting: RHB Ian Richardson
|
0-0: Called Strike 0-1: Swinging Strike 0-2: Strikes out swinging
|
|
Batting: LHB Gil Caraveo
|
0-0: Ball Nick Wicker steals 2nd base (no throw) 1-0: Called Strike 1-1: SINGLE (Groundball, 6, EV 93.8 MPH) Nick Wicker to third Runner from 3rd tries for Home, throw by LF and OUT! 7-2
|
|
Batting: RHB Justin Baldwin
|
Balk! Gil Caraveo to second 0-0: Ball 1-0: Called Strike 1-1: Foul Ball, location: 2F 1-2: Ball 2-2: Fly out, F8 (Flyball, 8LD, EV 105.6 MPH)
|
| Bottom of the 7th over - 0 runs, 2 hits, 0 errors, 1 left on base; Cincinnati (NYP) 4 - Salem-Keizer 4 |
| TOP OF THE 8TH |
|
Cincinnati (NYP) Reds batting - Pitching for Salem-Keizer Volcanoes : RHP John Bittinger
|
|
Pitching: RHP Damian Molina
|
|
|
Batting: RHB Tim Walter
|
0-0: Ground out 6-3 (Groundball, 6, EV 85.6 MPH)
|
|
Batting: RHB Pat McCoy
|
0-0: Ball 1-0: Foul Ball, location: 2F 1-1: Foul Ball, location: 2F 1-2: Ball 2-2: Foul Ball, location: 2F 2-2: Foul Ball, location: 2F 2-2: Ball 3-2: Ground out 3-1 (Groundball, 34, EV 100.0 MPH)
|
|
Batting: LHB Steven Wamble
|
0-0: Called Strike 0-1: Ball 1-1: Ball 2-1: Called Strike 2-2: Foul Ball, location: 2F 2-2: Strikes out swinging, 2-3 out at first.
|
| Top of the 8th over - 0 runs, 0 hits, 0 errors, 0 left on base; Cincinnati (NYP) 4 - Salem-Keizer 4 |
| BOTTOM OF THE 8TH |
|
Salem-Keizer Volcanoes batting - Pitching for Cincinnati (NYP) Reds : RHP Dave Baber
|
|
Pitching: RHP Brett Cooke
|
|
|
Batting: RHB Jason Gregor
|
0-0: Ball 1-0: Called Strike 1-1: Fly out, F8 (Flyball, 8LS, EV 81.9 MPH)
|
|
Batting: RHB Matt Shepard
|
0-0: Ball 1-0: Called Strike 1-1: Ball 2-1: Foul Ball, location: 2F 2-2: Foul Ball, location: 2F 2-2: Foul Ball, location: 2F 2-2: SINGLE (Groundball, 34D, EV 94.4 MPH)
|
|
Batting: LHB John Whitman
|
0-0: Ball Matt Shepard is caught stealing 2nd base 2-6 1-0: Foul Ball, location: 2F 1-1: Swinging Strike 1-2: Strikes out swinging
|
| Bottom of the 8th over - 0 runs, 1 hit, 0 errors, 0 left on base; Cincinnati (NYP) 4 - Salem-Keizer 4 |
| TOP OF THE 9TH |
|
Cincinnati (NYP) Reds batting - Pitching for Salem-Keizer Volcanoes : RHP Damian Molina
|
|
Pitching: RHP Jay Kouns
|
|
|
Batting: RHB Jonathan Robies
|
0-0: Ball 1-0: Ground out 6-3 (Groundball, 6, EV 91.2 MPH)
|
|
Batting: RHB Matt Silva
|
0-0: Ball 1-0: Ball 2-0: Called Strike 2-1: Ball 3-1: Ground out 5-3 (Groundball, 56S, EV 84.4 MPH)
|
|
Batting: SHB Jaivata Mohanty
|
0-0: Called Strike 0-1: Swinging Strike 0-2: Foul Ball, location: 2F 0-2: Ball 1-2: Strikes out swinging
|
| Top of the 9th over - 0 runs, 0 hits, 0 errors, 0 left on base; Cincinnati (NYP) 4 - Salem-Keizer 4 |
| BOTTOM OF THE 9TH |
|
Salem-Keizer Volcanoes batting - Pitching for Cincinnati (NYP) Reds : RHP Brett Cooke
|
|
Pitching: RHP Nick Miller
|
|
|
Batting: RHB Sam Smith
|
0-0: Ground out 6-3 (Groundball, 6, EV 91.9 MPH)
|
|
Batting: RHB Alexis Andrade
|
0-0: Ball 1-0: SINGLE (Line Drive, 7S, EV 103.1 MPH)
|
|
Batting: RHB Nick Wicker
|
0-0: Ball 1-0: Ball 2-0: Ball 3-0: Base on Balls Alexis Andrade to second
|
|
Batting: RHB Ian Richardson
|
0-0: Ball 1-0: Ball 2-0: Called Strike 2-1: Ball 3-1: Base on Balls Alexis Andrade to third Nick Wicker to second
|
|
Batting: LHB Gil Caraveo
|
0-0: Ball 1-0: Ball 2-0: Called Strike 2-1: Ball 3-1: Foul Ball, location: 2F 3-2: Grounds into fielders choice 4-2 (Groundball, 4M, EV 88.8 MPH) Nick Wicker to third Ian Richardson to second
|
|
Batting: RHB Justin Baldwin
|
0-0: Called Strike 0-1: Swinging Strike 0-2: Ball 1-2: SINGLE (Flyball, 6D, EV 94.4 MPH) Nick Wicker scores
|
| Bottom of the 9th over - 1 run, 2 hits, 0 errors, 2 left on base; Cincinnati (NYP) 4 - Salem-Keizer 5 |
|